Unix NetHack Version 5.0.0-0 post-release - last build May  4 2026 22:22:43 (774f63e81ad911689b3a0859ea89b322d5daca8d,branch:main).

Game began 2026-05-07 15:49:05, ended 2026-05-07 16:21:19.

Brudee, chaotic female human Barbarian

               -.|
               |.|
               |.| .
               |<...
              ......                               -----
              .....                             ---|...|
               ...                              ..--...|
                                           ..  .......--     ---------
                                          -...........|  |.| |.........
                                         |...........--  |.|--.........
                                         |..........--   |.--.)........
                                         |..........| ----.Y@.[.......
                                         |......^...---....----.....-
                                         -.....--.......|.%.-- ..
                                        -............---|..[.|
                                       ...--.........|  ---.--
                                     ........--- -----    ---
                                    ----------
Brudee the Bandit          St:18/01 Dx:16 Co:18 In:8 Wi:7 Ch:7  Chaotic S:3484
Dlvl:7  $:66 HP:0(75) Pw:16(16) AC:1  Xp:7/767 T:3344 

Latest messages:
 Your candle is consumed!
 Its flame dies.
 The gnome lord hits!
 The gnome lord hits!
 You smite the gnome lord!
 The gnome lord reads a scroll of create monster!
 A hobgoblin suddenly appears next to you!
 You kill the gnome lord!
 The hobgoblin hits!
 The hobgoblin hits!
 You kill the hobgoblin!
 G - 4 darts.
 You learn more about your items by comparing them.
 l - an uncursed tripe ration (2 in total).
 Your housecat eats a hobgoblin corpse.
 You swap places with your housecat.
 There is nothing here to pick up.
 What do you want to drop? [$bdfhik-prt-wzAC-IK-MSTVX-Z or ?*] p
 You drop an uncursed dwarvish roundshield.
 You swap places with your housecat.
 You see here a gnome lord corpse.
 The gnome wields an aklys!
 The gnome secures the tether on the aklys.
 You smite the hobbit!
 The hobbit hits!
 The gnome swings her aklys.
 The gnome misses!
 You kill the hobbit!
 You kill the gnome!
 You see here an aklys.
 You see here an elven mithril-coat.
 You see here an aklys.
 What do you want to put on? [mX or ?*] ?
 You are now wearing a blindfold.
 You can't see any more.
 It explodes!
 You seem unaffected by it.
 You were wearing an uncursed blindfold.
 You can see again.
 You see here an aklys.
 You miss the owlbear.
 The owlbear hits!
 The owlbear hits again!
 You smite the owlbear!
 The owlbear hits!
 The owlbear hits again!
 The owlbear grabs you!
 You die...
 Do you want your possessions identified? [ynq] (y) y
 Do you want to see your attributes? [ynq] (y) q

Inventory:
 Coins    ('$')
  $ - 66 gold pieces
 Weapons  (')')
  G - 4 +0 darts
  z - 4 +0 daggers
  T - a +0 dwarvish short sword
 Armor    ('[')
  K - an uncursed +0 orcish helm (being worn)
  C - an uncursed +0 pair of leather gloves (being worn)
  S - an uncursed burnt +0 pair of jumping boots (being worn)
  V - a cursed -1 dwarvish roundshield (being worn)
  o - an uncursed +0 dwarvish mithril-coat (being worn)
 Comestibles  ('%')
  A - an uncursed slime mold
  d - 4 uncursed food rations
  l - 2 uncursed tripe rations
 Scrolls  ('?')
  I - a blessed scroll of create monster
 Potions  ('!')
  H - an uncursed potion of invisibility
  w - an uncursed potion of oil (lit)
  u - a cursed potion of paralysis
  f - 2 potions of holy water
 Wands    ('/')
  v - a wand of digging (0:3)
  i - a wand of fire (0:7)
  M - a wand of stasis (0:4)
  L - a wand of undead turning (0:2)
 Tools    ('(')
  Y - a cursed bag of tricks (0:12)
  X - an uncursed blindfold
  k - an uncursed magic whistle
  Z - a cursed magic whistle
  E - a blessed oil lamp (lit)
  m - an uncursed towel
  n - an uncursed partly used wax candle (lit)
 Gems/Stones  ('*')
  r - 2 uncursed opals
  t - 2 uncursed worthless pieces of blue glass
  b - 4 uncursed worthless pieces of green glass
  F - 2 uncursed worthless pieces of red glass
  h - an uncursed worthless piece of white glass
  D - an uncursed worthless piece of yellowish brown glass

Brudee the Barbarian's attributes:

Background:
 You were a Bandit, a level 7 female human Barbarian.
 You were chaotic, on a mission for Set
 who was opposed by Mitra (lawful) and Crom (neutral).
 You were right-handed.
 You were in the Gnomish Mines, on level 7.
 You entered the dungeon 3344 turns ago.
 You had 767 experience points, 513 more were needed to attain level 8.
 Your score was 3484 before end-of-game adjustments.

Basics:
 You had 0 out of 75 hit points.
 You had all 16 energy points (spell power).
 Your armor class was 1.
 Your wallet contained 66 zorkmids.
 Autopickup was on for '$"?+!=/' plus thrown.

Final Characteristics:
 Your strength was 18/01 (limit:18/100).
 Your dexterity was 16 (limit:18).
 Your constitution was 18 (limit:18).
 Your intelligence was 8 (limit:18).
 Your wisdom was 7 (limit:18).
 Your charisma was 7 (limit:18).

Final Status:
 You were held by an owlbear (west).
 You weren't hungry.
 You were unencumbered.
 You were empty handed.
 You had basic skill with bare handed combat.

Final Attributes:
 You were piously aligned.
 You were poison resistant.
 You were telepathic.
 You could jump.
 You were guarded.
 You were fast.
 You were lucky.
 You are dead.

Miscellaneous:
 You didn't encounter any bones levels.
 Total elapsed playing time was 32 minutes and 14 seconds.

Major events:
 Turn
    1: Brudee the chaotic female human Barbarian entered the dungeon
   97: entered the Gnomish Mines
  429: attained the rank of Pillager (level 3)
 2806: attained the rank of Bandit (level 6)
 2940: reached Mine Town
 3344: killed by an owlbear

You didn't know any spells.

Skills:
 Fighting Skills
   bare handed combat [Basic]
   two weapon combat  [Unskilled]
   riding             [Unskilled]
 Weapon Skills
   dagger             [Unskilled]
   axe                [Basic]
   pick-axe           [Unskilled]
   short sword        [Basic]
   broadsword         [Unskilled]
   long sword         [Unskilled]
   two-handed sword   [Unskilled]
   saber              [Unskilled]
   club               [Unskilled]
   mace               [Unskilled]
   morning star       [Unskilled]
   flail              [Unskilled]
   hammer             [Unskilled]
   quarterstaff       [Unskilled]
   spear              [Unskilled]
   trident            [Unskilled]
   bow                [Unskilled]
 Spellcasting Skills
   attack spells      [Unskilled]
   escape spells      [Unskilled]

Voluntary challenges:
 Character rerolling was not enabled.
 You never genocided any monsters.
 You never polymorphed an object.
 You never changed form.
 You used no wishes.
Achievements:
 You entered the Gnomish Mines.
 You entered a shop.
 You attained the rank of Pillager.
 You attained the rank of Bandit.
 You entered Minetown.
 You entered a temple.

 The Dungeons of Doom: levels 1 to 5
    Level 1:
       A sink.
    Level 2:
       A general store, a fountain, a sink.
       Stairs down to The Gnomish Mines.
    Level 3:
       A wand shop, a fountain.
    Level 4:
       An altar to Set.
    Level 5:
 The Gnomish Mines: levels 3 to 7
    Level 3:
    Level 4:
    Level 5:
    Level 6:
       Some shops, a temple and an altar to Set, some fountains.
    Level 7: <- You were here.
       Final resting place for
          you, killed by an owlbear.


Vanquished creatures:
  a small mimic
  a yellow light
  a shrieker
  4 gnome leaders
  3 gnomish wizards
  3 floating eyes
  a kitten
  6 dwarves
  2 rothes
  3 iguanas
  8 killer bees
  3 acid blobs
  a coyote
  a gas spore
  3 hobbits
  a hobgoblin
  2 giant rats
  a yellow mold
 27 gnomes
  2 geckos
  2 jackals
  2 kobolds
  2 goblins
  5 grid bugs
  2 lichens
  6 newts
93 creatures vanquished.

No species were genocided or became extinct.

Game over:
                       ----------
                      /          \
                     /    REST    \
                    /      IN      \
                   /     PEACE      \
                  /                  \
                  |      Brudee      |
                  |      66 Au       |
                  |   killed by an   |
                  |     owlbear      |
                  |                  |
                  |                  |
                  |       2026       |
                 *|     *  *  *      | *
        _________)/\\_//(\/(/\)/\//\/|_)_______

Goodbye Brudee the Barbarian...

You died in The Gnomish Mines on dungeon level 7 with 3478 points,
and 66 pieces of gold, after 3344 moves.
You were level 7 with a maximum of 75 hit points when you died.

